 Dungeon Crawl Stone Soup version 0.18.1-48-g4cf74bf (webtiles) character file.

109 tyranidshit the Grave Robber (level 4, -1/44 HPs)
             Began as a Deep Dwarf Necromancer on July 22, 2016.
             Slain by Inkary's ghost (12 damage)
             ... on level 3 of the Dungeon.
             The game lasted 00:03:13 (1633 turns).

tyranidshit the Grave Robber (DDNe)                 Turns: 1633, Time: 00:03:14

Health: -1/44      AC:  8    Str: 11      XL:     4   Next: 60%
Magic:  0/6        EV:  5    Int: 13 (15) God:
Gold:   116        SH:  0    Dex: 12 (13) Spells: 1 memorised, 5 levels left

rFire  . . .     SeeInvis .     e - +2 mace (drain)
rCold  . . .     Gourm    .     f - +0 chain mail
rNeg   . . .     Faith    .     (no shield)
rPois  .         Spirit   +     q - +0 hat
rElec  .         Dismiss  .     (no cloak)
rCorr  .         Reflect  .     (no gloves)
SustAt .         Harm     .     (no boots)
MR     .....                    i - amulet of guardian spirit
Stlth  ..........               (no ring)
                                g - -2 ring of strength (curse)

@: non-regenerating, not resistant to hostile enchantments, extremely unstealthy
A: damage resistance, recharge devices, sense surroundings 1, slow regeneration
3
a: Device Recharging


You were on level 3 of the Dungeon.
You were not hungry.

You visited 1 branch of the dungeon, and saw 3 of its levels.

You collected 116 gold pieces.

Inventory:

Hand Weapons
 e - a +2 mace of draining (weapon)
Armour
 a - a +0 robe
 f - a +0 chain mail (worn)
 q - a +0 hat (worn)
Jewellery
 g - a cursed -2 ring of strength (left hand)
 i - an amulet of guardian spirit (around neck)
 p - an uncursed amulet of faith
Wands
 c - a wand of heal wounds (4/9)
Scrolls
 j - a scroll of random uselessness
 l - a scroll of identify
 m - a scroll of fear {unknown}
 o - a scroll of noise
Potions
 k - a potion of curing {unknown}
Books
 b - a book of Necromancy

   Spells                             Type                      Level
   a - Pain                           Necromancy                   1
   b - Animate Skeleton               Necromancy                   1
   c - Vampiric Draining              Necromancy                   3
   d - Regeneration                   Charms/Necromancy            3
   e - Animate Dead                   Necromancy                   4
   f - Control Undead                 Necromancy                   4
Comestibles
 d - 3 bread rations
 h - a meat ration


   Skills:
 + Level 3.9 Fighting
 - Level 2.1 Dodging
 - Level 2.4 Stealth
 - Level 1.7 Spellcasting
 - Level 4.3 Necromancy


You had 5 spell levels left.
You knew the following spells:

 Your Spells              Type           Power        Failure   Level  Hunger
a - Pain                  Necr           ##..         100%        1    ##.....


Dungeon Overview and Level Annotations

Branches:
Dungeon (3/15)

Altars:
Sif Muna

Annotations:
D:3 Inkary's ghost, amateur MiFi


Innate Abilities, Weirdness & Mutations

You are resistant to damage.
You can recharge devices by infusing magical energy.
You passively map a small area around you.
You do not regenerate naturally.


Message History

Found a stone staircase leading up.
Items here: )))) [[ ††
Okay, then.
There is a stone staircase leading up here.
Inkary's ghost (amateur Minotaur Fighter) comes into view.
Inkary's ghost turns its malevolent gaze towards you.
You open the door.
Inkary's ghost screams, "You will join me soon!"
There is an open door here.
Found a scroll labeled KUWKOD SOISIAL.
Inkary's ghost says very slowly, "There's no hope."
Found a whip.
You see here a scroll labeled KUWKOD SOISIAL.
m - a scroll labeled KUWKOD SOISIAL Inkary's ghost hits you but does no damage.
You hit Inkary's ghost but do no damage.
Inkary's ghost hits you!
* * * LOW HITPOINT WARNING * * *
Inkary's ghost hits you!
You die...

#.#####.♣.♣ #.#
#...# #.# #####
######.##
#..)....#
#######.####..#
#.....<.# #..#
#.####..####..# #.
#..#...@.#
#.####..#.##W.#
#.#.......#..♣♣♣#
#.#.##..##..♣...♣
*
#.#.##......♣♣.♣♣,
,
#.#.##.#####♣♣.♣♣
, #......# ♣..P♣ *
####.#### ♣♣.P♣
#....# ##+♣.♣#


You could see Inkary's ghost.

Vanquished Creatures
  2 orc wizards (D:3)
  An adder (D:2)
  2 worms
  A dart slug (D:1)
  A giant gecko (D:1)
  2 orcs (D:3)
  8 goblins
  5 hobgoblins
  7 bats
  A giant newt (D:2)
  3 kobolds
  2 rats (D:1)
35 creatures vanquished.

Vanquished Creatures (others)
  2 fungi (D:3)
2 creatures vanquished.

Grand Total: 37 creatures vanquished

Notes
Turn   | Place    | Note
--------------------------------------------------------------
     0 | D:1      | tyranidshit the Deep Dwarf Necromancer began the quest for the Orb.
     0 | D:1      | Reached XP level 1. HP: 15/15 MP: 3/3
    57 | D:1      | Reached skill level 1 in Fighting
    98 | D:1      | Reached XP level 2. HP: 7/25 MP: 4/4
   704 | D:2      | Found a deep blue altar of Sif Muna.
   882 | D:2      | Reached XP level 3. HP: 6/33 MP: 5/5
  1574 | D:3      | Reached XP level 4. HP: 22/42 MP: 0/6
  1605 | D:3      | Noticed Inkary's ghost (amateur MiFi)
  1633 | D:3      | Slain by Inkary's ghost

Skill      XL: |  1  2  3 |
---------------+----------+-----
Fighting       | 1 2 3 |  3.9
Dodging        | |  2.1
Stealth        | |  2.4
Spellcasting   | |  1.7
Necromancy     | |  4.3

Action                   |  1- 3 |  4- 6 || total
-------------------------+-------+-------++-------
Melee: Mace              |    64 |    12 ||    76
       Unarmed           |     1 |       ||     1
 Cast: Pain              |     5 |       ||     5
Evoke: Wand              |     1 |       ||     1
  Use: Scroll            |     3 |       ||     3
       Potion            |     4 |       ||     4
 Stab: Sleeping          |     2 |       ||     2
  Eat: Bread ration      |     1 |       ||     1
Armor: Robe              |    20 |       ||    20
       Chain mail        |    31 |    10 ||    41
Dodge: Dodged            |    49 |     2 ||    51
